[Event "Titled Tuesday Blitz March 28 Early 2023"]
[White "Kucuksari, Kaan"]
[Black "Gatterer, Florian"]
[WhiteFideId "6380166"]
[BlackFideId "811688"]
[WhiteElo "2364"]
[BlackElo "2221"]
[Result "1-0"]
[Round "09"]
[TimeControl "180+2"]
[Date "2023.03.28"]
[WhiteClock "0:02:09"]
[BlackClock "0:00:11"]

1. d4 d5 2. Nf3 Nf6 3. Bf4 c5 4. e3 Nc6 5. Nbd2 Bg4 6. c3 e6 7. Qb3 Qc8 8. Bb5 Be7 9. Ne5 O-O 10. Bxc6 bxc6 11. Qa4 cxd4 12. Nxc6 Qd7 13. Nxe7+ Qxe7 14. exd4 Nh5 15. Be3 f5 16. f3 f4 17. Bf2 Bf5 18. O-O Rab8 19. Nb3 Bc2 20. Rfe1 Kh8 21. Re5 Bf5 22. Rae1 Qd6 23. R1e2 Nf6 24. Nc5 Rfe8 25. Bh4 Rf8 26. Nxe6 Bxe6 27. Rxe6 Qc7 28. Bxf6 gxf6 29. Re7 Qb6 30. Qd7 1-0


[Site "https://www.chess.com"]

[Event "Titled Tuesday Blitz March 28 Early 2023"]
[White "Al-Tarboush, Ward"]
[Black "Liu, Casper"]
[WhiteFideId "7601450"]
[BlackFideId "1454153"]
[WhiteElo "2257"]
[BlackElo "2221"]
[Result "1-0"]
[Round "09"]
[TimeControl "180+2"]
[Date "2023.03.28"]
[WhiteClock "0:00:40"]
[BlackClock "0:00:06"]

1. e4 c5 2. Nf3 d6 3. d4 cxd4 4. Nxd4 Nf6 5. Nc3 Nc6 6. h3 e5 7. Nde2 Be7 8. g4 Be6 9. Bg2 O-O 10. Ng3 b5 11. Nxb5 Qa5+ 12. Nc3 Rfd8 13. g5 d5 14. gxf6 d4 15. fxe7 dxc3 16. exd8=Q+ Rxd8 17. O-O Rxd1 18. Rxd1 h6 19. bxc3 Qxc3 20. Be3 a5 21. Rab1 Bxa2 22. Rb7 a4 23. Rc7 a3 24. Nf5 Bc4 25. Rxc6 a2 26. Rc8+ Kh7 27. Ra8 Qxc2 28. Bf3 Bb3 29. Ne7 Qc7 30. Rdd8 Qxe7 31. Rh8+ Kg6 32. Ra6+ f6 33. h4 Bc4 34. h5+ Kf7 35. Ra5 Qb4 36. Ra7+ Ke6 37. Bg4+ f5 38. Bxf5+ Kf6 39. Rc8 Qd6 40. Rxc4 Qd1+ 41. Kg2 a1=Q 42. Rc6+ 1-0


[Site "https://www.chess.com"]

[Event "Titled Tuesday Blitz March 28 Early 2023"]
[White "Kim, Sergey"]
[Black "Gonzalez, Francisco Silva"]
[WhiteFideId "13700570"]
[BlackFideId "1512285"]
[WhiteElo "2609"]
[BlackElo "2074"]
[Result "1-0"]
[Round "09"]
[TimeControl "180+2"]
[Date "2023.03.28"]
[WhiteClock "0:00:52"]
[BlackClock "0:00:19"]

1. d4 Nf6 2. c4 e6 3. Nc3 Bb4 4. Qc2 d6 5. a3 Bxc3+ 6. Qxc3 Nbd7 7. Nf3 b6 8. g3 Bb7 9. Bg2 O-O 10. O-O a5 11. b3 Re8 12. Bb2 Ne4 13. Qc2 Nef6 14. Bh3 Be4 15. Qc3 Bb7 16. Nd2 d5 17. f3 Rc8 18. c5 bxc5 19. dxc5 Ba6 20. Rfe1 c6 21. b4 Rb8 22. Nb3 axb4 23. axb4 Ra8 24. Nd4 Qc7 25. Ra5 Bb7 26. Rea1 Rxa5 27. Rxa5 Ra8 28. Rxa8+ Bxa8 29. Qa3 Qb8 30. Qa5 Bb7 31. e3 h5 32. Bf1 h4 33. g4 Ne5 34. Be2 h3 35. Qb6 Nfd7 36. Qa5 Nf6 37. b5 cxb5 38. Qxb5 Qc7 39. Kf2 Nc4 40. Bxc4 Qxh2+ 41. Ke1 Qxb2 42. Qxb2 dxc4 43. Qxb7 e5 44. Qb8+ Ne8 45. Qxe8+ Kh7 46. Qxe5 h2 47. Qxh2+ 1-0


[Site "https://www.chess.com"]

[Event "Titled Tuesday Blitz March 28 Early 2023"]
[White "Begunov, Konstantin"]
[Black "Rosen, Eric"]
[WhiteFideId "4118510"]
[BlackFideId "2032562"]
[WhiteElo "2079"]
[BlackElo "2331"]
[Result "0-1"]
[Round "09"]
[TimeControl "180+2"]
[Date "2023.03.28"]
[WhiteClock "0:00:04"]
[BlackClock "0:00:21"]

1. d4 b5 2. a4 b4 3. e4 Bb7 4. Nd2 e6 5. f3 c5 6. Nb3 cxd4 7. Nxd4 Bc5 8. Be3 d6 9. Bb5+ Kf8 10. Nge2 a6 11. Bc4 Qb6 12. Qd2 Ne7 13. a5 Qa7 14. Bxe6 fxe6 15. Nxe6+ Kf7 16. Bxc5 dxc5 17. Nc7 Nbc6 18. Qf4+ Kg8 19. Nxa8 Qxa8 20. O-O h6 21. Rfd1 Kh7 22. Rd7 Bc8 23. Rc7 Rd8 24. Qf7 Rd7 25. Rxd7 Bxd7 26. Rd1 Qc8 27. Nf4 Be8 28. Qc4 Nxa5 29. Qd3 c4 30. Qd6 Nac6 31. e5 Qf5 32. e6 Qxc2 33. h4 c3 34. bxc3 b3 0-1


[Site "https://www.chess.com"]

[Event "Titled Tuesday Blitz March 28 Early 2023"]
[White "Nunez V, Gustavo Eduardo"]
[Black "Melian, Juan Sebastian"]
[WhiteFideId "4403690"]
[BlackFideId "3706575"]
[WhiteElo "2228"]
[BlackElo "2031"]
[Result "0-1"]
[Round "09"]
[TimeControl "180+2"]
[Date "2023.03.28"]
[WhiteClock "0:00:26"]
[BlackClock "0:00:45"]

1. e4 c6 2. d3 d5 3. Nd2 g6 4. g3 Bg7 5. Bg2 Nf6 6. Ne2 O-O 7. O-O e5 8. f4 exf4 9. Nxf4 dxe4 10. Nxe4 Nxe4 11. Bxe4 Nd7 12. Bg2 Ne5 13. h3 Bf5 14. Rb1 a5 15. a4 Re8 16. Kh2 Nd7 17. b3 Nc5 18. Ba3 Ne6 19. Nxe6 Bxe6 20. Qd2 Qc7 21. Rbe1 Rad8 22. Bc5 Be5 23. Bf2 Bd5 24. Bxd5 Rxd5 25. d4 Red8 26. c3 c5 27. c4 Rxd4 28. Bxd4 Bxg3+ 29. Kg2 Rxd4 30. Re8+ Kg7 31. Qe3 Bf4 32. Qf3 Qd6 33. Re4 Rd2+ 34. Rf2 g5 35. Rxd2 Qxd2+ 36. Re2 Qd1 37. h4 h6 38. hxg5 hxg5 39. Re7 Qc2+ 40. Re2 Qf5 41. Rf2 b6 42. Qh3 Qe4+ 43. Qf3 Qe6 44. Qd5 Qg4+ 45. Kf1 Qh3+ 46. Qg2 Qxb3 47. Rxf4 Qd1+ 48. Kf2 Qd2+ 49. Kg1 Qxg2+ 50. Kxg2 gxf4 51. Kf3 Kf6 52. Kxf4 Ke6 53. Ke4 f5+ 54. Kf4 Kf6 55. Kf3 Ke5 56. Ke3 f4+ 57. Kd3 f3 58. Ke3 f2 59. Kxf2 Kd4 60. Ke2 Kxc4 61. Kd2 Kb4 62. Kd3 Kxa4 63. Kc4 b5+ 64. Kxc5 b4 65. Kc4 Ka3 66. Kb5 b3 67. Kxa5 b2 68. Kb5 b1=Q+ 69. Kc5 Qb3 70. Kd4 Qc2 71. Ke5 Qd3 72. Ke6 Qd4 73. Kf7 Qe5 74. Kg8 Qc7 75. Kh8 Qe7 76. Kg8 Kb4 77. Kh8 Kc5 78. Kg8 Kd5 79. Kh8 Ke5 80. Kg8 Kf6 81. Kh8 Qg7# 0-1


[Site "https://www.chess.com"]

[Event "Titled Tuesday Blitz March 28 Early 2023"]
[White "Bruedigam, Martin"]
[Black "Tarasova, Viktoriya"]
[WhiteFideId "24608033"]
[BlackFideId "4175840"]
[WhiteElo "2331"]
[BlackElo "2182"]
[Result "1-0"]
[Round "09"]
[TimeControl "180+2"]
[Date "2023.03.28"]
[WhiteClock "0:00:16"]
[BlackClock "0:00:01"]

1. d4 Nf6 2. c4 e6 3. Nc3 Bb4 4. Bd2 O-O 5. e3 d5 6. Nf3 b6 7. Bd3 Bb7 8. O-O dxc4 9. Bxc4 Nbd7 10. Rc1 a6 11. Qe2 b5 12. Bb3 c5 13. dxc5 Nxc5 14. Bc2 Qb6 15. Rfd1 Rfd8 16. a3 Bxc3 17. Bxc3 Nce4 18. Bd4 Qa5 19. Ne5 Rac8 20. f3 Nd6 21. e4 Nc4 22. Nxc4 Rxc4 23. Bc3 Qc7 24. Rxd8+ Qxd8 25. Rd1 Qe8 26. Qd2 Rc8 27. h3 Kh8 28. Kh1 Qe7 29. Bb3 h6 30. Bb4 Qe8 31. Qd4 Kh7 32. Bc3 Qc6 33. Qd6 Qxd6 34. Rxd6 Kg8 35. Kg1 Kf8 36. Kf2 Ke8 37. Ke3 Rd8 38. Rxd8+ Kxd8 39. g4 Kd7 40. h4 Bc6 41. h5 Ne8 42. g5 f6 43. f4 fxg5 44. fxg5 Kd6 45. gxh6 gxh6 46. Kf4 Ke7 47. e5 Bd7 48. Bd1 Bc6 49. Be2 Bd5 50. Bb4+ Kf7 51. Bc5 Kg7 52. Be7 1-0


[Site "https://www.chess.com"]

[Event "Titled Tuesday Blitz March 28 Early 2023"]
[White "Escanor89"]
[Black "Lorenzo De La Riva, Lazaro"]
[BlackFideId "2268809"]
[WhiteElo "2501"]
[BlackElo "2294"]
[Result "0-1"]
[Round "09"]
[TimeControl "180+2"]
[Date "2023.03.28"]
[WhiteClock "0:00:03"]
[BlackClock "0:00:42"]

1. c4 e6 2. Nc3 c5 3. Nf3 b6 4. g3 Bb7 5. Bg2 Nf6 6. O-O Be7 7. Re1 a6 8. e4 d6 9. d4 cxd4 10. Nxd4 Qc7 11. Be3 Nbd7 12. f4 h5 13. h3 g6 14. Rc1 Nc5 15. Bf2 Rc8 16. Qd2 O-O 17. b3 Qb8 18. Qe2 Rfe8 19. g4 e5 20. fxe5 dxe5 21. Nc2 Ne6 22. Nd5 Nf4 23. Qf3 N6xd5 24. cxd5 Rc5 25. Bxc5 Bxc5+ 26. Kh2 a5 27. gxh5 Nxh5 28. Ne3 Nf4 29. Bf1 Bc8 30. Ng4 Kg7 31. Rc2 Qd6 32. Rec1 Rh8 33. Rxc5 bxc5 34. Kg1 Bxg4 35. Qxg4 Rb8 36. Qg3 Rb4 37. Bg2 a4 38. bxa4 Rxa4 39. Rc2 c4 40. Qc3 Ra3 41. Qb2 Rg3 42. Kf1 Nxg2 43. Rxg2 Rxh3 44. Rc2 Qf6+ 0-1


[Site "https://www.chess.com"]

[Event "Titled Tuesday Blitz March 28 Early 2023"]
[White "Golubev, Mikhail"]
[Black "Baches Garcia, Guillermo"]
[WhiteFideId "14100983"]
[BlackFideId "2209764"]
[WhiteElo "2374"]
[BlackElo "2453"]
[Result "1-0"]
[Round "09"]
[TimeControl "180+2"]
[Date "2023.03.28"]
[WhiteClock "0:00:04"]
[BlackClock "0:00:13"]

1. e4 c5 2. Nf3 d6 3. d4 cxd4 4. Nxd4 Nf6 5. Nc3 Nc6 6. Bc4 Bd7 7. Bb3 g6 8. Be3 Ng4 9. Nxc6 bxc6 10. Qf3 Ne5 11. Qe2 Bg7 12. h3 Bc8 13. f4 Nd7 14. Qd2 O-O 15. O-O Nc5 16. f5 Ba6 17. Rf4 Nxb3 18. axb3 Bb7 19. Raf1 d5 20. exd5 cxd5 21. Bd4 Bxd4+ 22. Qxd4 Qb6 23. Qxb6 axb6 24. Rb4 Ra6 25. Re1 Re8 26. Nb5 Ra2 27. Nd6 Rb8 28. Rxe7 Ba6 29. fxg6 fxg6 30. Rf4 Rd8 31. Ne8 Rxe8 32. Rxe8+ Kg7 33. Re6 Rxb2 34. Rxb6 Be2 35. Rf2 Bd1 36. Rb7+ Kh6 37. c4 Rb1 38. Rf1 d4 39. Rd7 Bc2 40. Rxb1 Bxb1 41. Rxd4 Kg5 42. b4 Kf5 43. b5 Ke5 44. Rd5+ Ke6 45. b6 Be4 46. b7 Bxd5 47. cxd5+ Kxd5 48. b8=Q Ke6 49. Qg8+ Kf5 50. Qxh7 Kf4 51. Qg8 g5 52. h4 Kg3 53. Qxg5# 1-0


[Site "https://www.chess.com"]

[Event "Titled Tuesday Blitz March 28 Early 2023"]
[White "Shubenkova, Veronika"]
[Black "Buscar, Michael"]
[WhiteFideId "44124040"]
[BlackFideId "2603616"]
[WhiteElo "2027"]
[BlackElo "2010"]
[Result "0-1"]
[Round "09"]
[TimeControl "180+2"]
[Date "2023.03.28"]
[WhiteClock "0:00:09"]
[BlackClock "0:00:40"]

1. e4 c5 2. Nc3 Nc6 3. g3 g6 4. Bg2 Bg7 5. d3 Nf6 6. f4 O-O 7. Nf3 d6 8. Be3 Ne8 9. Rb1 Nd4 10. Ne2 Nxf3+ 11. Bxf3 Nc7 12. O-O Rb8 13. g4 b5 14. Ng3 Ne6 15. f5 Nd4 16. Bg2 b4 17. h4 Be5 18. Bf4 Bxf4 19. Rxf4 e5 20. Rf2 Qxh4 21. Nf1 h5 22. gxh5 gxf5 23. exf5 Bxf5 24. Ne3 Be6 25. c3 Nb5 26. Bf3 bxc3 27. Rh2 Qf4 28. Rg2+ Kh8 29. Qe2 Nd4 30. Qf2 Nxf3+ 31. Kh1 Qh4+ 32. Qxh4 Nxh4 33. Rh2 Bxa2 34. Rg1 Nf3 35. Rf2 Nxg1 36. Rf6 Be6 37. bxc3 Nh3 38. h6 Rg8 39. Kh2 Nf4 40. Nd1 Rg2+ 41. Kh1 Bd5 42. c4 Ba8 43. Rxf7 Rg7+ 44. Kh2 Rxf7 45. d4 Rb1 46. Nf2 Rb2 47. Kg3 Nh5+ 48. Kh4 Rbxf2 49. dxe5 dxe5 50. h7 Rg7 51. Kh3 Nf4+ 52. Kh4 Rh2# 0-1


[Site "https://www.chess.com"]

[Event "Titled Tuesday Blitz March 28 Early 2023"]
[White "Khamdamova, Afruza"]
[Black "EdmundPlayer"]
[WhiteFideId "14210444"]
[WhiteElo "2210"]
[BlackElo "2249"]
[Result "0-1"]
[Round "09"]
[TimeControl "180+2"]
[Date "2023.03.28"]
[WhiteClock "0:00:18"]
[BlackClock "0:00:04"]

1. d4 Nf6 2. Bf4 d5 3. Nf3 c5 4. e3 Nc6 5. Bd3 c4 6. Be2 Qb6 7. b3 cxb3 8. axb3 Bf5 9. c4 e6 10. O-O Bb4 11. c5 Qd8 12. Ne5 Nxe5 13. Bxe5 O-O 14. Bd6 Re8 15. Bb5 Ne4 16. Bxe8 Qxe8 17. Ra4 a5 18. Bg3 h5 19. f3 Nxg3 20. hxg3 f6 21. Nd2 Qg6 22. Kh2 Bc2 23. Qc1 Bd3 24. Rf2 Kf7 25. c6 b5 26. Ra2 Rh8 27. c7 Bd6 28. f4 h4 29. Nf3 hxg3+ 30. Kg1 gxf2+ 31. Rxf2 Rc8 32. Qc6 Rxc7 33. Qxd6 Rc1+ 34. Kh2 Qh5+ 35. Kg3 Qg6+ 36. Kh2 Qh5+ 37. Kg3 Qg6+ 38. Kh3 Rh1+ 39. Nh2 Qh5+ 40. Kg3 Qxh2+ 41. Kf3 Be4+ 42. Ke2 Qh5+ 43. Kd2 Qd1+ 44. Kc3 Qe1+ 45. Rd2 Qc1+ 46. Rc2 Qxc2# 0-1


[Site "https://www.chess.com"]

[Event "Titled Tuesday Blitz March 28 Early 2023"]
[White "Kukula, Pawel"]
[Black "Zavortink, Matt"]
[WhiteFideId "1115081"]
[BlackFideId "2034263"]
[WhiteElo "2012"]
[BlackElo "2314"]
[Result "1/2-1/2"]
[Round "09"]
[TimeControl "180+2"]
[Date "2023.03.28"]
[WhiteClock "0:00:07"]
[BlackClock "0:00:11"]

1. c4 Nf6 2. Nc3 g6 3. e4 d6 4. d4 Bg7 5. Be3 Ng4 6. Bc1 c5 7. d5 Bd4 8. Nh3 O-O 9. Be2 f5 10. exf5 gxf5 11. Nb5 Bg7 12. Nf4 Ne5 13. Be3 Ng6 14. Qd2 a6 15. Nc3 Nxf4 16. Bxf4 Nd7 17. O-O Ne5 18. Rfe1 Qe8 19. Bf1 Qg6 20. Kh1 Bd7 21. Bg3 Bh6 22. f4 Rae8 23. Qc2 Ng4 24. Bd3 Bg7 25. Re2 e5 26. dxe6 Bxe6 27. Rae1 Bd7 28. Nd5 Rxe2 29. Qxe2 Kh8 30. Qe7 Bc6 31. Qe6 Qxe6 32. Rxe6 Bxd5 33. cxd5 Bxb2 34. h3 Nf6 35. Rxd6 Ne4 36. Bxe4 fxe4 37. Rb6 Bd4 38. Rxb7 e3 39. Re7 Rd8 40. f5 Rxd5 41. f6 Bxf6 42. Rxe3 Rd1+ 43. Kh2 Bd4 44. Re8+ Kg7 45. Be5+ Bxe5+ 46. Rxe5 Rd2 47. a4 Ra2 48. Rxc5 Rxa4 49. Rc6 a5 50. g4 Ra3 51. Kg2 a4 52. Ra6 h6 53. Rb6 Ra1 54. Ra6 a3 55. Kg3 a2 56. Kh4 Kh7 57. Kh5 Kg7 58. Ra7+ Kf6 59. Kxh6 Rh1 60. Ra6+ Kf7 61. Rxa2 Rxh3+ 62. Kg5 Rb3 63. Ra7+ Kg8 64. Kh5 Rb5+ 65. g5 Rb6 66. Re7 Rc6 67. Re5 Rb6 68. Rf5 Ra6 69. g6 Ra1 70. Kg5 Ra6 71. Rc5 Ra8 72. Kh6 Rb8 73. Rc7 Ra8 74. Rg7+ Kh8 75. Rb7 Rc8 76. Rh7+ Kg8 77. Re7 Ra8 78. Rb7 Rc8 79. Ra7 Rd8 80. Rf7 Rb8 81. Rg7+ Kh8 82. Rd7 Ra8 83. Kg5 Kg8 84. Kf6 Ra6+ 85. Kf5 Ra8 86. Rd6 Kg7 87. Rd7+ Kg8 88. Re7 Rb8 89. Kf6 Rb6+ 90. Re6 Rb8 91. g7 Ra8 92. Kg6 Rb8 93. Rf6 Rc8 94. Kh6 Rb8 95. Rc6 Ra8 96. Kg6 Rb8 97. Rc7 Rb6+ 98. Kg5 Rb8 99. Re7 Rb6 100. Kh5 Ra6 101. Rb7 Rc6 102. Rd7 Rb6 103. Kg5 Ra6 104. Kf5 Rb6 105. Rc7 Ra6 106. Ke5 Rb6 107. Ra7 Rc6 108. Kd5 Rg6 109. Rb7 Rxg7 110. Rb8+ Kh7 111. Ke6 Rg6+ 112. Kf5 Rc6 113. Rb7+ Kg8 114. Kg5 Kf8 115. Kf5 Ke8 116. Ke5 Kd8 117. Kd5 Rh6 118. Rb2 Rh5+ 119. Kd6 Rh6+ 120. Ke5 Rh5+ 121. Kf6 Kd7 122. Rd2+ Kc6 123. Kg6 Rd5 124. Rxd5 Kxd5 1/2-1/2


[Site "https://www.chess.com"]

[Event "Titled Tuesday Blitz March 28 Early 2023"]
[White "Michalski, Olaf"]
[Black "Vafin, Ayrat"]
[WhiteFideId "1106740"]
[BlackFideId "4146530"]
[WhiteElo "2173"]
[BlackElo "2317"]
[Result "0-1"]
[Round "09"]
[TimeControl "180+2"]
[Date "2023.03.28"]
[WhiteClock "0:00:03"]
[BlackClock "0:01:02"]

1. d4 d5 2. c4 e6 3. Nc3 Be7 4. Nf3 Nf6 5. Bg5 h6 6. Bh4 O-O 7. e3 Ne4 8. Bxe7 Qxe7 9. cxd5 Nxc3 10. bxc3 exd5 11. Qb3 Rd8 12. c4 c6 13. Bd3 Be6 14. c5 Bg4 15. Ne5 Bc8 16. O-O Nd7 17. Nxd7 Qxd7 18. a4 Qc7 19. Rfb1 a5 20. Qc3 Be6 21. Rb6 Ra7 22. Rab1 f5 23. R1b3 Rf8 24. Qb2 Rf7 25. f4 Bc8 26. Qf2 Re7 27. Be2 Qd8 28. Bf3 Qe8 29. Rd3 Qg6 30. Rbb3 Ra8 31. Kf1 Qf6 32. Ke2 g5 33. g3 g4 34. Bg2 Be6 35. Kd2 Bf7 36. Kc3 Re4 37. Bxe4 dxe4 38. Kb2 exd3 0-1


[Site "https://www.chess.com"]

[Event "Titled Tuesday Blitz March 28 Early 2023"]
[White "Krzywda, Andrzej"]
[Black "hsd2016"]
[WhiteFideId "1114565"]
[WhiteElo "2155"]
[BlackElo "2007"]
[Result "1-0"]
[Round "09"]
[TimeControl "180+2"]
[Date "2023.03.28"]
[WhiteClock "0:00:52"]
[BlackClock "0:00:49"]

1. e4 e5 2. Nf3 Nc6 3. Nc3 Nf6 4. Bb5 Bb4 5. O-O O-O 6. Bxc6 dxc6 7. d3 Bxc3 8. bxc3 Re8 9. Bg5 h6 10. Bh4 Bg4 11. h3 Bh5 12. g4 Bg6 13. Kh2 Qd6 14. Nd2 Nd7 15. Nc4 Qe6 16. Ne3 f6 17. Qf3 Rad8 18. Nf5 Bxf5 19. gxf5 Qf7 20. Rg1 Kh7 21. Rg6 Nf8 22. Rag1 Kh8 23. Qh5 Nxg6 24. Rxg6 Rf8 25. Bxf6 Qxf6 26. Rxf6 Rxf6 27. Qg4 Re8 28. h4 c5 29. h5 Ra6 30. Kg2 b5 31. Kf1 Rb6 32. Ke2 a5 33. Kd2 b4 34. Qg3 a4 35. f4 exf4 36. Qxf4 Rc6 37. e5 bxc3+ 38. Kxc3 Kg8 39. Qe4 Rb6 40. f6 gxf6 41. Qg6+ Kf8 42. exf6 Ree6 43. Qg7+ 1-0


[Site "https://www.chess.com"]

[Event "Titled Tuesday Blitz March 28 Early 2023"]
[White "Rios Escobar, Adan"]
[Black "Sielecki, Christof"]
[WhiteFideId "3403645"]
[BlackFideId "4620437"]
[WhiteElo "2409"]
[BlackElo "2443"]
[Result "0-1"]
[Round "09"]
[TimeControl "180+2"]
[Date "2023.03.28"]
[WhiteClock "0:00:19"]
[BlackClock "0:00:21"]

1. d4 d5 2. g3 Nf6 3. Nf3 c5 4. Bg2 Nc6 5. O-O e6 6. c4 dxc4 7. dxc5 Qxd1 8. Rxd1 Bxc5 9. Nbd2 c3 10. bxc3 O-O 11. Nb3 Be7 12. Bb2 Bd7 13. c4 Rfc8 14. Rac1 Be8 15. Nfd4 Rab8 16. Nb5 a6 17. Nd6 Bxd6 18. Rxd6 Ne7 19. Na5 b6 20. Nb3 Bc6 21. f3 Ne8 22. Rd2 f6 23. Nd4 Bd7 24. f4 Kf7 25. e4 Rd8 26. Rcd1 Ba4 27. Nb3 Rxd2 28. Rxd2 Rc8 29. Bf1 Nc7 30. Kf2 Ke8 31. Ke3 Rd8 32. Rxd8+ Kxd8 33. h4 Kd7 34. h5 h6 35. Bh3 Bc6 36. Nd4 b5 37. cxb5 axb5 38. Ba3 Bb7 39. Bc5 Bc8 40. a3 Ke8 41. Kd2 Kf7 42. Kc3 Bd7 43. Kb4 Na6+ 44. Ka5 Nxc5 45. Kb6 Nxe4 46. Kc7 Be8 47. Bxe6+ Kf8 48. g4 Nc5 49. Ba2 b4 50. axb4 Na6+ 51. Kb6 Nxb4 52. Bb3 Nbd5+ 53. Kc5 Nxf4 54. Bc4 Bf7 55. Bb5 Ne6+ 56. Nxe6+ Bxe6 57. Be2 Kf7 58. Kd6 f5 59. gxf5 Nxf5+ 60. Ke5 Ne7 61. Bf3 Ng8 62. Be4 Nf6 63. Bg6+ Ke7 64. Kf4 Bf7 65. Kf5 Bxg6+ 66. Kxg6 Kf8 67. Kf5 Nxh5 68. Kg6 Nf6 69. Kf5 Kf7 70. Kf4 Ke6 71. Kg3 Kf5 72. Kh4 g5+ 73. Kh3 h5 74. Kg3 Ke4 75. Kh3 Kf3 76. Kh2 g4 77. Kh1 h4 78. Kh2 g3+ 79. Kh1 h3 80. Kg1 Ng4 81. Kh1 Nf2+ 82. Kg1 h2+ 83. Kf1 h1=Q# 0-1


[Site "https://www.chess.com"]

[Event "Titled Tuesday Blitz March 28 Early 2023"]
[White "Vedder, Richard"]
[Black "Orlov, Georgi"]
[WhiteFideId "1004166"]
[BlackFideId "2011271"]
[WhiteElo "2168"]
[BlackElo "2570"]
[Result "1-0"]
[Round "09"]
[TimeControl "180+2"]
[Date "2023.03.28"]
[WhiteClock "0:00:16"]
[BlackClock "0:00:02"]

1. d4 Nf6 2. c4 Nc6 3. Nf3 e6 4. Nc3 d6 5. e3 g6 6. Bd3 Bg7 7. O-O O-O 8. a3 e5 9. d5 Ne7 10. e4 Nh5 11. Re1 f5 12. Ng5 Nf4 13. Bxf4 exf4 14. exf5 Nxf5 15. Ne6 Bxe6 16. Rxe6 Nd4 17. Re4 f3 18. g3 Qd7 19. Bf1 Nf5 20. Qxf3 Bd4 21. Nd1 Bb6 22. Qg4 Qf7 23. Rf4 Qg7 24. Bd3 Nh6 25. Qe6+ Kh8 26. Rxf8+ Rxf8 27. Rc1 Qd4 28. Qe4 Qxe4 29. Bxe4 Re8 30. Nc3 Bd4 31. Bf3 g5 32. h3 Nf7 33. Kg2 Ne5 34. Ne2 Bb6 35. b4 Nd3 36. Rf1 Nb2 37. c5 dxc5 38. bxc5 Bxc5 39. Rb1 Nd3 40. Rxb7 Ne1+ 41. Kf1 Nxf3 42. Rxc7 Bb6 43. Rf7 Nd2+ 44. Ke1 Ne4 45. f3 Nc3 46. Kd2 1-0


[Site "https://www.chess.com"]

[Event "Titled Tuesday Blitz March 28 Early 2023"]
[White "Richter, Nils"]
[Black "Topalov, Aleksandar"]
[WhiteFideId "12990809"]
[BlackFideId "925659"]
[WhiteElo "2381"]
[BlackElo "2151"]
[Result "1-0"]
[Round "09"]
[TimeControl "180+2"]
[Date "2023.03.28"]
[WhiteClock "0:01:17"]
[BlackClock "0:00:26"]

1. Nf3 Nf6 2. b3 g6 3. Bb2 Bg7 4. g3 O-O 5. Bg2 d6 6. d4 Nbd7 7. O-O e5 8. dxe5 Ng4 9. h3 Ngxe5 10. Qc1 Re8 11. c4 a5 12. Nc3 Nc5 13. Rd1 Bd7 14. Nxe5 Bxe5 15. Nd5 Bc6 16. Bxe5 Rxe5 17. Qf4 Bxd5 18. Bxd5 Qe7 19. e3 Kg7 20. g4 h5 21. Kg2 hxg4 22. hxg4 g5 23. Qd4 f6 24. Rh1 Rh8 25. Rxh8 Kxh8 26. Rh1+ Kg7 27. a3 c6 28. Bf3 Ne4 29. Qa7 Qd7 30. Qa8 Re8 31. Qxa5 Nc5 32. Qc3 Ne4 33. Qd3 d5 34. cxd5 cxd5 35. Rd1 Nc5 36. Qxd5 Qxd5 37. Rxd5 Nxb3 38. Rb5 1-0


[Site "https://www.chess.com"]

[Event "Titled Tuesday Blitz March 28 Early 2023"]
[White "Seletsky, Grigory"]
[Black "Yelisieiev, Yevhenii"]
[WhiteFideId "14112191"]
[BlackFideId "14139642"]
[WhiteElo "2490"]
[BlackElo "2447"]
[Result "0-1"]
[Round "09"]
[TimeControl "180+2"]
[Date "2023.03.28"]
[WhiteClock "0:01:18"]
[BlackClock "0:02:12"]

1. e4 d6 2. d4 Nf6 3. f3 e5 4. dxe5 dxe5 5. Qxd8+ Kxd8 6. Be3 Be6 7. Nd2 Nbd7 8. Bc4 Bxc4 9. Nxc4 c6 10. O-O-O Kc7 11. Ne2 b5 12. Nd2 Bc5 13. Bxc5 Nxc5 14. Nf1 Ne8 15. Ne3 Nd6 16. b3 Rad8 17. a3 a5 18. Rd2 a4 19. b4 Nd7 20. c4 bxc4 21. Rhd1 Nb6 22. Kb2 Nb5 23. Nc2 c3+ 24. Nxc3 Nc4+ 25. Kc1 Nxc3 0-1


[Site "https://www.chess.com"]

[Event "Titled Tuesday Blitz March 28 Early 2023"]
[White "Lopez, Nelson M, Ii"]
[Black "Estrada Nieto, Julian"]
[WhiteFideId "2027895"]
[BlackFideId "5101018"]
[WhiteElo "2382"]
[BlackElo "2176"]
[Result "1-0"]
[Round "09"]
[TimeControl "180+2"]
[Date "2023.03.28"]
[WhiteClock "0:00:06"]
[BlackClock "0:00:01"]

1. e4 e5 2. Bc4 Nc6 3. Nc3 Nf6 4. d3 Bc5 5. f4 exf4 6. Bxf4 d6 7. Nf3 Nd4 8. Ne2 Nxf3+ 9. gxf3 Nh5 10. d4 Nxf4 11. dxc5 Qh4+ 12. Ng3 dxc5 13. Qd2 Be6 14. Bxe6 fxe6 15. O-O-O O-O 16. Kb1 Rad8 17. Qf2 b6 18. a3 Rxd1+ 19. Rxd1 Rd8 20. Rxd8+ Qxd8 21. Qe3 Qd6 22. e5 Qd1+ 23. Ka2 Nd5 24. Qg5 Qxc2 25. Qd8+ Kf7 26. Ne4 h6 27. Qd7+ Ne7 28. Qxc7 Qc4+ 29. Ka1 Qf1+ 30. Ka2 Qc4+ 31. Ka1 Qf1+ 32. Ka2 Qxf3 33. Nd6+ Kg6 34. Qxe7 Qd5+ 35. Kb1 Qxe5 36. Qf7+ Kg5 37. Qe7+ Qf6 38. Nf7+ Kg6 39. Qxf6+ Kxf6 40. Nd6 Kg5 41. Kc2 Kg4 42. Nc8 Kh3 43. Nxa7 Kxh2 44. Nc8 g5 45. Nxb6 g4 46. Nc4 g3 47. Nd2 g2 48. a4 h5 49. a5 h4 50. a6 Kg3 51. a7 g1=Q 52. a8=Q Qf2 53. Qg8+ Kh2 54. Qxe6 h3 55. Kd3 Qg3+ 56. Ke2 Qg2+ 57. Kd1 Qg1+ 58. Kc2 Qg2 59. Kc3 Qg3+ 60. Kc4 Qg2 61. Qe3 1-0


[Site "https://www.chess.com"]

[Event "Titled Tuesday Blitz March 28 Early 2023"]
[White "Valle Maytin, Luis Enrique"]
[Black "Kozin, Yuri"]
[WhiteFideId "3503666"]
[BlackFideId "4129920"]
[WhiteElo "2225"]
[BlackElo "2497"]
[Result "1-0"]
[Round "09"]
[TimeControl "180+2"]
[Date "2023.03.28"]
[WhiteClock "0:00:08"]
[BlackClock "0:00:04"]

1. e4 c5 2. Nf3 e6 3. d4 cxd4 4. Nxd4 Nf6 5. Nc3 d6 6. f4 Nc6 7. Be2 Be7 8. Be3 O-O 9. O-O a6 10. Qe1 Qc7 11. Qg3 Nxd4 12. Bxd4 b5 13. a3 Bb7 14. Bf3 Rad8 15. Rad1 d5 16. e5 Ne4 17. Bxe4 dxe4 18. b4 Qc4 19. Qe3 a5 20. bxa5 Bxa3 21. a6 Bxa6 22. Nxe4 Be7 23. c3 b4 24. cxb4 Qxb4 25. Rfe1 Bb7 26. Nf2 Qc4 27. Bb6 Qc6 28. Qf3 Rxd1 29. Rxd1 Qxb6 30. Qe2 Bc5 31. Rf1 Qc6 32. Qg4 h5 33. Qg5 h4 34. h3 Qb6 35. Qxh4 Qc6 36. Qg3 Ba7 37. Kh2 Bxf2 38. Rxf2 Qe4 39. Rf3 Qf5 40. Rb3 Bd5 41. Rc3 Qg6 42. Qf2 Rb8 43. Rg3 Qf5 44. Rg5 Qe4 45. Qg3 g6 46. h4 Rb3 47. Qg4 Rb2 48. h5 Kg7 49. h6+ Kh7 50. Qg3 Rd2 51. Rg4 Rd3 52. Qh4 Qf5 53. Qe7 Qh5+ 54. Rh4 Qf5 55. Qf8 1-0


[Site "https://www.chess.com"]

[Event "Titled Tuesday Blitz March 28 Early 2023"]
[White "Ronka, Erik"]
[Black "Sliwicki, Damian"]
[WhiteFideId "505080"]
[BlackFideId "1127128"]
[WhiteElo "2264"]
[BlackElo "2030"]
[Result "1-0"]
[Round "09"]
[TimeControl "180+2"]
[Date "2023.03.28"]
[WhiteClock "0:00:46"]
[BlackClock "0:00:03"]

1. e4 d5 2. d4 dxe4 3. Nc3 Nf6 4. f3 exf3 5. Nxf3 e6 6. Bd3 Nc6 7. Bb5 Be7 8. O-O O-O 9. Kh1 Bd7 10. a3 h6 11. Bf4 Nd5 12. Bd2 Nxc3 13. bxc3 Bd6 14. Bd3 e5 15. Qe1 Re8 16. Bc4 exd4 17. Qf2 Qf6 18. cxd4 Rad8 19. Bd3 Bg4 20. c3 Bxf3 21. gxf3 Bf4 22. Be1 Ne7 23. Rb1 b6 24. Qg2 Ng6 25. Rg1 Re3 26. Bc4 Kh7 27. Bf2 Rxc3 28. Ba2 Rc2 29. Bb3 Rd2 30. Rbf1 R8xd4 31. Qh3 R4d3 32. Bd1 Qc6 33. Qg2 Bg5 34. Qg4 Nf4 35. h4 1-0


[Site "https://www.chess.com"]

[Event "Titled Tuesday Blitz March 28 Early 2023"]
[White "Rom, Jasper"]
[Black "Fernandez Siles, Luis"]
[WhiteFideId "2023733"]
[BlackFideId "2209420"]
[WhiteElo "2233"]
[BlackElo "2186"]
[Result "1-0"]
[Round "09"]
[TimeControl "180+2"]
[Date "2023.03.28"]
[WhiteClock "0:00:51"]
[BlackClock "0:00:05"]

1. e4 c5 2. Nc3 Nc6 3. f4 g6 4. Nf3 Bg7 5. Bb5 Nd4 6. O-O Nxb5 7. Nxb5 d5 8. d3 a6 9. Nc3 e6 10. Qe1 Ne7 11. Qh4 d4 12. Ne2 Nc6 13. Qg3 O-O 14. Bd2 b5 15. Rae1 c4 16. Kh1 f5 17. Ng5 h6 18. Nf3 cxd3 19. cxd3 fxe4 20. dxe4 Qe8 21. e5 d3 22. Nc1 Ne7 23. Nxd3 Nf5 24. Qf2 Bb7 25. Nc5 Bd5 26. a3 Bc4 27. Rg1 Qc6 28. b4 Rad8 29. Be3 Bd5 30. Rc1 Bxf3 31. gxf3 Nh4 32. Ne4 1-0


[Site "https://www.chess.com"]